 Dungeon Crawl Stone Soup version 0.29.1-1-gd02db6906a (webtiles) character file.

Game seed: 15886572585510898699

186 groovy9 the Digger (level 5, -5/28 HPs)
             Began as a Gargoyle Earth Elementalist on Sept 19, 2022.
             Killed by divine providence
             ... invoked by an orc priest
              (11 damage)
             ... on level 4 of the Dungeon.
             The game lasted 00:12:59 (3517 turns).

groovy9 the Digger (Gargoyle Earth Elementalist)    Turns: 3517, Time: 00:12:59

Health: -5/28      AC:  6    Str: 11    XL:     5   Next: 65%
Magic:  7/11       EV: 11    Int: 18    God:
Gold:   218        SH:  5    Dex: 10    Spells: 6/12 levels left

rFire   . . .      SeeInvis .   a - +1 dagger (protect)
rCold   . . .      Faith    .   (no shield)
rNeg    + . .      Spirit   .   m - +0 robe
rPois   ∞          Reflect  +   (no helmet)
rElec   +          Harm     .   (no cloak)
rCorr   .          Rampage  .   (no gloves)
Will    .....                   (no boots)
Stlth   ++........              j - amulet of reflection
HPRegen 0.09/turn               (no ring)
MPRegen 0.12/turn               (no ring)

@: flying, hasted, very quick
A: sickness immunity, AC +4, negative energy resistance 1, electricity
resistance, torment resistance 1, petrification resistance
a: no special abilities


You were on level 4 of the Dungeon.
You visited 2 branches of the dungeon, and saw 5 of its levels.

You collected 218 gold pieces.

Inventory:

Hand Weapons
 a - a +1 dagger of protection (weapon)
Missiles
 n - 8 poisoned darts
Armour
 m - a +0 robe (worn)
Jewellery
 j - an amulet of reflection (around neck)
Wands
 l - a wand of digging (2)
Scrolls
 d - 2 scrolls of noise {unknown}
 e - a scroll of silence
 g - 4 scrolls of identify {unknown}
 h - 3 scrolls of blinking {unknown}
 o - 2 scrolls of butterflies
 r - a scroll of fear {unknown}
Potions
 b - 2 potions of magic
 i - a potion of mutation {unknown}
 k - a potion of degeneration {unknown}
 p - a potion of brilliance {unknown}
 q - a potion of flight


   Skills:
 - Level 1.5 Dodging
 - Level 2.1 Stealth
 * Level 4.0 Spellcasting
 + Level 1.4 Conjurations
 - Level 0.7 Transmutations
 + Level 5.3 Earth Magic


You had 6 spell levels left.
You knew the following spells:

 Your Spells              Type           Power      Damage    Failure   Level
a - Sandblast             Erth           44%        2d11      1%          1
b - Stone Arrow           Conj/Erth      30%        3d8       11%         3
c - Passwall              Tmut/Erth      11%        N/A       6%          2

Your spell library contained the following spells:

 Spells                   Type           Power      Damage    Failure   Level
 Petrify                  Tmut/Erth      14%        N/A       38%         4
 Summon Guardian Golem    Hex/Summ       3%         N/A       41%         3
 Orb of Destruction       Conj           4%         9d5       100%        7
 Spellforged Servitor     Conj/Summ      3%         N/A       100%        7


Dungeon Overview and Level Annotations

Branches:
Dungeon (4/15)             Temple (1/1) D:4

Altars:
Ashenzari
Cheibriados
Dithmenos
Elyvilon
Fedhas
Gozag
Hepliaklqana
Kikubaaqudgha
Makhleb
Nemelex Xobeh
Okawaru
Qazlal
Ru
Sif Muna
Wu Jian
Xom
Yredelemnul
Zin
The Shining One


Innate Abilities, Weirdness & Mutations

You are immune to sickness and miasma.
Your stone body is resilient. (AC +4)
You are immune to poison.
You resist negative energy. (rN+)
You are resistant to electric shocks. (rElec)
You are resistant to unholy torment.
You are immune to petrification.


Message History

Okay, then.
The blast of sand misses the orc wizard.
The blast of sand hits the orc.
The orc is heavily wounded.
The orc priest calls down the wrath of Beogh upon you.
Beogh smites you!
You are too injured to fight recklessly!
Aiming: Sandblast (safe; 1% risk of failure)
Press: ? - help, Q - select action, (/) - cycle Shift-Dir - straight line, f/p - orc wizard
Aim: an orc wizard, wielding a +0 dagger and wearing a +0 robe (79% to hit)
The blast of sand hits the orc wizard!
You kill the orc wizard!
The orc priest calls upon Beogh to heal the orc.
The orc's wounds heal themselves!
The orc priest mumbles some strange prayers to Beogh against you.
Beogh smites you!
Ouch! That really hurt!
* * * LOW HITPOINT WARNING * * *
Your Spellcasting skill increases to level 4!
You feel better. The orc hits you with a +0 short sword.
* * * LOW HITPOINT WARNING * * *
It was a potion of flight.
You feel very buoyant.
You fly up into the air.
The orc priest begins to cast a cantrip, but forgets the words!
It was a potion of haste.
You feel yourself speed up. You block the orc's attack.
Aiming: Sandblast (safe; 1% risk of failure)
Press: ? - help, Q - select action, (/) - cycle Shift-Dir - straight line, f - orc
Aim: an orc, wielding a +0 mace (83% to hit)
The blast of sand hits the orc!
You kill the orc!
Aiming: Sandblast (safe; 1% risk of failure)
Press: ? - help, Q - select action, (/) - cycle Shift-Dir - straight line, f - orc priest
Aim: an orc priest, wielding a +0 morningstar and wearing a +0 leather armour (83% to hit)
The blast of sand hits the orc priest but does no damage.
The orc barely misses you. You block the orc's attack.
The orc priest calls down the wrath of Beogh upon you.
Beogh smites you!
You die...

#........##### #.
#........# #.
##........## ##
##..........## ###.
#...........>##
#.<.
#..............
#.....
##..............
.....#
#...............
...##
.........@........
..#
.........o)o.......
..
..........†........
..........o.......#
.................##
................#
...####......... ##
#.........


You could see an orc priest and 2 orcs.

Vanquished Creatures
  2 hounds (D:4)
  An orc wizard (D:4)
  2 adders (D:3)
  3 worms
  4 dart slugs
  4 orcs (D:4)
  3 bats
  4 endoplasms
  3 giant cockroaches
  4 goblins
  4 hobgoblins
  2 jackals (D:3)
  4 kobolds
  2 quokkas
  6 ball pythons
  14 frilled lizards
  5 rats
67 creatures vanquished.

Vanquished Creatures (others)
  4 plants (D:2)
4 creatures vanquished.

Grand Total: 71 creatures vanquished

Notes
Turn   | Place    | Note
-------+----------+-------------------------------------------
     0 | D:1      | groovy9 the Gargoyle Earth Elementalist began the quest for
                  | the Orb.
     0 | D:1      | Reached XP level 1. HP: 10/10 MP: 3/3
   134 | D:1      | Reached XP level 2. HP: 15/15 MP: 0/5
   143 | D:1      | Reached skill level 4 in Earth Magic
  1149 | D:2      | Reached XP level 3. HP: 19/19 MP: 4/6
  2024 | D:3      | Reached XP level 4. HP: 24/24 MP: 6/8
  2047 | D:3      | Found a white marble altar of Elyvilon.
  2366 | D:3      | Found a faded altar of an unknown god.
  2496 | D:3      | Reached skill level 5 in Earth Magic
  2500 | D:3      | Learned a level 3 spell: Stone Arrow
  2503 | D:3      | Learned a level 2 spell: Passwall
  2938 | D:4      | Reached XP level 5. HP: 22/28 MP: 3/10
  3049 | D:4      | Reached skill level 1 in Conjurations
  3155 | D:4      | Found a staircase to the Ecumenical Temple.
  3165 | Temple   | Entered the Ecumenical Temple
  3512 | D:4      | HP: 1/28 [orc priest/divine providence (14)]
  3517 | D:4      | Killed from afar by an orc priest

Illustrated notes

Levels and vault maps discovered:
D:1:      spicycebolla_green_bress_n_ham_2, layout_loops_ring
D:2:      layout_basic, minmay_lizard_king
D:3:      layout_loops_ring, mainiacjoe_overflow_small_starburst,
          nicolae_ecumenical_lake_church, grunt_decor_one_mirror,
          chequers_serial_rivers_micro_c
D:4:      layout_layer_cave, minmay_temple_entry_junction, uniq_ijyb
Temple:   regret_index_temple_mists

Skill      XL: |  1  2  3  4  5 |
---------------+----------------+-----
Earth Magic    | 4 5 |  5.3
Spellcasting   | 3 4 |  4.0
Conjurations   | 1 |  1.4
Dodging        | |  1.5
Stealth        | |  2.1
Transmutations | |  0.7

Action                   |  1- 3 |  4- 6 || total
-------------------------+-------+-------++-------
Melee: Unarmed           |     9 |       ||     9
       Dagger            |    24 |       ||    24
 Cast: Sandblast         |    49 |    39 ||    88
  Use: Scroll            |     6 |       ||     6
       Potion            |       |     4 ||     4
Armor: Robe              |    16 |     4 ||    20
Dodge: Dodged            |    26 |     6 ||    32
Block: Other             |     4 |     6 ||    10
